 Dungeon Crawl Stone Soup version 0.27.0-1-g7a089689b8 (webtiles) character file.

Game seed: 8603795727889869061

11571 SweetAndFullOfGrace the Basher (level 11, -8/86 HPs)
             Began as a Mummy Abyssal Knight on Aug 1, 2021.
             Was a Priest of Lugonu.
             Killed from afar by an ice statue (14 damage)
             ... with a shard of ice
             ... in an ice cave.
             The game lasted 01:49:30 (20957 turns).

SweetAndFullOfGrace the Basher (MuAK)              Turns: 20957, Time: 01:49:31

Health: -8/86      AC: 23    Str: 17    XL:     11   Next: 51%
Magic:  17/17      EV:  9    Int: 12    God:    Lugonu [***...]
Gold:   1242       SH:  0    Dex: 13    Spells: 7/10 levels left

rFire    . . .     SeeInvis .   a - +1 flail (drain)
rCold    + . .     Faith    .   (no shield)
rNeg     + + +     Spirit   .   g - +2 chain mail {rF+}
rPois    ∞         Reflect  .   i - +1 helmet
rElec    .         Harm     .   l - +2 cloak {Will+}
rCorr    .         Rampage  .   q - +1 pair of gloves
Will     ++...                  t - +2 pair of boots
Stlth    ..........             k - amulet of magic regeneration
HPRegen  0.24/turn              D - ring of flight
MPRegen  0.40/turn              (no ring)

@: flying
A: cold resistance 1, negative energy resistance 3, torment resistance 2, heat
vulnerability 1, no potions
a: Renounce Religion, Depart the Abyss, Bend Space, Banish


You were in an ice cave.
You worshipped Lugonu.
Lugonu was most pleased with you.
You visited 4 branches of the dungeon, and saw 13 of its levels.
You visited the Abyss 1 time.
You also visited: Bailey and Ice Cave.

You collected 2176 gold pieces.
You spent 934 gold pieces at shops.

Inventory:

Hand Weapons
 a - a +1 flail of draining (weapon)
 b - a +0 hunting sling
 w - a +2 flail of protection
 x - a +0 whip of draining
 A - the +6 arbalest "Damnation" {damnation}
   (You found it on level 5 of the Dungeon)

   Any ammunition fired from it explodes in a burst of damnation on striking a
   foe, dealing damage which bypasses armour.
 F - a +2 vampiric dagger
 M - a +0 dire flail
 N - a +2 flail
 T - a +3 flail of venom
Missiles
 c - 539 stones
 n - 39 arrows
 p - 6 boomerangs (quivered)
 u - 32 poisoned darts
 z - 37 sling bullets
 O - 53 bolts
 Q - 4 throwing nets
 S - 3 atropa-tipped darts
Armour
 d - a +0 buckler
 g - a +2 chain mail of fire resistance (worn)
 h - a +2 robe of resistance
 i - a +1 helmet (worn)
 l - a +2 cloak of willpower (worn)
 q - a +1 pair of gloves (worn)
 t - a +2 pair of boots (worn)
 K - a scarf of shadows
Jewellery
 k - an amulet of magic regeneration (around neck)
 D - a ring of flight (left hand)
Wands
 o - a wand of digging (3)
 P - a wand of iceblast (1)
Scrolls
 e - a scroll of enchant weapon
 f - 6 scrolls of teleportation
 j - a scroll of magic mapping
 m - 2 scrolls of vulnerability
 s - 2 scrolls of torment
 E - 2 scrolls of noise
 H - a scroll of fear
 W - a scroll of summoning
Miscellaneous
 C - a tin of tremorstones (1/2)


   Skills:
 + Level 8.0 Fighting
 * Level 9.0 Maces & Flails
 + Level 5.5 Armour
 + Level 6.2 Dodging
 - Level 0.4 Spellcasting
 * Level 8.5 Invocations


You had 7 spell levels left.
You knew the following spells:

 Your Spells              Type           Power      Damage    Failure   Level
a - Slow                  Hex            0%         N/A       99%         2
b - Pain                  Necr           0%         1d4       99%         1

Your spell library contained the following spells:

 Spells                   Type           Power      Damage    Failure   Level
 Summon Small Mammal      Summ           0%         N/A       99%         1
 Call Canine Familiar     Summ           0%         N/A       100%        3
 Confusing Touch          Hex            0%         N/A       100%        3
 Dazzling Flash           Conj/Hex       0%         N/A       100%        3
 Frozen Ramparts          Ice            0%         1d2       100%        3
 Summon Guardian Golem    Hex/Summ       0%         N/A       100%        3
 Petrify                  Tmut/Erth      0%         N/A       100%        4
 Summon Ice Beast         Ice/Summ       0%         N/A       100%        4
 Agony                    Necr           0%         N/A       100%        5
 Alistair's Intoxication  Tmut/Pois      0%         N/A       100%        5
 Borgnjor's Vile Clutch   Necr/Erth      0%         N/A       100%        5
 Excruciating Wounds      Necr           0%         N/A       100%        5
 Irradiate                Conj/Tmut      0%         3d13      100%        5
 Silence                  Hex/Air        0%         N/A       100%        5
 Yara's Violent Unravell  Hex/Tmut       0%         3d3       100%        5
 Conjure Ball Lightning   Conj/Air       0%         3x3d6     100%        6
 Eringya's Noxious Bog    Tmut/Pois      0%         N/A       100%        6
 Discord                  Hex            0%         N/A       100%        8
 Disjunction              Tloc           0%         N/A       100%        8
 Sublimation of Blood     Necr           Unusable   N/A       N/A         2
 Ice Form                 Ice/Tmut       Unusable   N/A       N/A         4

Dungeon Overview and Level Annotations

Branches:
Dungeon (10/15)            Temple (1/1) D:7            Lair (1/6) D:10
    Orc (1/2) D:10         Bailey (visited)           IceCv (1/1)

Altars:
Ashenzari
Cheibriados
Dithmenos
Elyvilon
Fedhas
Gozag
Hepliaklqana
Kikubaaqudgha
Makhleb
Nemelex Xobeh
Okawaru
Qazlal
Ru
Sif Muna
Trog
Uskayaw
Vehumet
Wu Jian
Xom
Yredelemnul
Zin
The Shining One

Shops:
D:2 [[[   D:4 *

Annotations:
D:3 2 transporters
D:10 exclusion: 2 doors IceCv exclusion: 2 ice statues


Innate Abilities, Weirdness & Mutations

You are immune to poison.
Your flesh is cold resistant. (rC+)
You are immune to negative energy. (rN+++)
You are immune to unholy pain and torment.
You are vulnerable to heat. (rF-)
You do not drink.


Message History

The ice statue is heavily damaged.
The ice beast completely misses you.
The ice beast hits you but does no damage.
The ice statue gestures at you. x2
The freezing blast engulfs you but does no damage.
The ice beast closely misses you. The ice beast hits you.
* * * LOW HITPOINT WARNING * * *
The ice beast freezes you. You resist.
* * * LOW HITPOINT WARNING * * *
Unknown command.
You thump the ice statue!
The ice statue is severely damaged.
You are engulfed in freezing vapours.
You resist.
* * * LOW HITPOINT WARNING * * *
The ice beast hits you but does no damage.
The ice beast barely misses you.
The ice beast hits you but does no damage. x2
The ice beast barely misses you.
Unknown command.
You hit the ice statue but do no damage.
The ice statue is severely damaged.
You are engulfed in freezing vapours.
You resist.
* * * LOW HITPOINT WARNING * * *
The ice beast hits you but does no damage. x3
The ice beast barely misses you. x2
The ice statue gestures at you. The shard of ice misses you.
The shard of ice hits the ice beast!
The ice beast partially resists.
The ice beast hits you but does no damage.
Unknown command.
You hit the ice statue but do no damage.
The ice statue is severely damaged.
You are engulfed in freezing vapours.
You resist. The ice beast closely misses you.
The ice beast hits you but does no damage. x2
The ice beast closely misses you.
The ice beast hits you but does no damage. x2
The ice statue gestures at you. The shard of ice hits you!
You partially resist.
You die...

....... ........8
####
........########..##
.........##..##....##
....................#
..⌠......○☼.....∩∩..#
.........☼☼##.......#
......YYY######....##
......Y@## ##..##
......YY8# ####
........## .......##
.....## #####


You could see 2 ice statues and 6 ice beasts.

Vanquished Creatures
  A two-headed ogre (D:10)
  2 cane toads (Lair:1)
  Maggie (D:7)
  A rime drake (Lair:1)
  2 komodo dragons (Lair:1)
  2 unseen horrors
  2 ice devils (Orc:1)
  A troll (D:9)
  A basilisk (Lair:1)
  8 yaks
  A steam dragon (D:6)
  5 water moccasins
  A sky beast (D:7)
  An orc warrior (D:4)
  An ice beast (D:6)
  A hornet zombie (D:7)
  A necrophage (D:7)
  An ogre (D:5)
  10 wolves
  2 centaurs
  A phantom (D:6)
  3 bullfrogs
  Blork the orc (D:6)
  A wyvern zombie (D:9)
  8 gnoll sergeants (Bailey)
  2 scorpions
  A water moccasin skeleton (D:5)
  A wyvern skeleton (D:7)
  6 killer bees (D:10)
  16 wights
  A howler monkey (D:5)
  2 electric eels (D:10)
  3 centaur zombies
  6 gnoll shamans (Bailey)
  7 hounds
  A jelly (D:7)
  7 orc priests
  A centaur skeleton (D:3)
  4 iguanas
  11 orc wizards
  A polar bear simulacrum (IceCv)
  2 wolf simulacra (IceCv)
  A hound skeleton (D:5)
  17 gnolls
  8 adders
  2 shadow imps
  A white imp (IceCv)
  An ufetubus (D:4)
  An adder skeleton (D:4)
  4 worms
  3 dart slugs
  15 orcs
  5 endoplasms
  14 goblins
  10 hobgoblins
  11 jackals
  3 quokkas
  8 ball pythons
  4 bats
  3 frilled lizards
  4 kobolds
  6 rats
252 creatures vanquished.

Vanquished Creatures (others)
  2 fungi
  6 plants
8 creatures vanquished.

Grand Total: 260 creatures vanquished

Notes
Turn   | Place    | Note
-------+----------+-------------------------------------------
     0 | Abyss:1  | SweetAndFullOfGrace the Mummy Abyssal Knight began the
                  | quest for the Orb.
     0 | Abyss:1  | Reached XP level 1. HP: 18/18 MP: 2/2
    32 | D:1      | You pass through the gate.
    32 | D:1      | Escaped the Abyss
   224 | D:1      | Reached skill level 1 in Dodging
   407 | D:1      | Reached XP level 2. HP: 14/24 MP: 3/3
   408 | D:1      | Reached skill level 2 in Maces & Flails
  1274 | D:1      | Found a faded altar of an unknown god.
  1300 | D:1      | Reached XP level 3. HP: 24/29 MP: 4/4
  1676 | D:2      | Reached ** piety under Lugonu
  1702 | D:2      | Found Caliymoz's Antique Armour Boutique.
  1731 | D:2      | Found Xewiptuff's Antique Armour Shop.
  2056 | D:2      | Reached XP level 4. HP: 35/35 MP: 5/5
  2067 | D:2      | Found Kuckizoka's Armour Shoppe.
  2092 | D:2      | Found a shimmering altar of Xom.
  2762 | D:3      | Reached skill level 3 in Maces & Flails
  2912 | D:3      | Reached skill level 2 in Dodging
  3040 | D:3      | Found a transporter.
  3042 | D:3      | Found a transporter.
  3085 | D:3      | Reached XP level 5. HP: 28/42 MP: 6/6
  3307 | D:3      | Reached skill level 4 in Fighting
  4307 | D:4      | Learned a level 2 spell: Slow
  4549 | D:4      | Reached XP level 6. HP: 48/48 MP: 7/7
  4632 | D:4      | Found Gutsoy Qoob's General Store.
  4650 | D:4      | Bought a scroll of identify for 22 gold pieces
  4650 | D:4      | Identified a scroll of acquirement
  4652 | D:4      | Acquired 1127 gold pieces
  4654 | D:4      | Bought a scroll of enchant weapon for 82 gold pieces
  4887 | D:4      | Reached skill level 4 in Maces & Flails
  5005 | D:4      | Reached *** piety under Lugonu
  5388 | D:2      | Bought a runed cloak for 180 gold pieces
  5393 | D:2      | Bought a pair of boots for 108 gold pieces
  5819 | D:2      | Bought a glowing chain mail for 180 gold pieces
  5865 | D:2      | Bought an embroidered robe for 88 gold pieces
  5865 | D:2      | Bought a glowing robe for 88 gold pieces
  5955 | D:4      | Bought a scroll of magic mapping for 38 gold pieces
  5955 | D:4      | Bought a scroll of teleportation for 33 gold pieces
  5955 | D:4      | Bought a scroll of teleportation for 33 gold pieces
  5955 | D:4      | Bought a scroll of torment for 82 gold pieces
  5967 | D:5      | Entered Level 5 of the Dungeon
  6345 | D:5      | Reached skill level 3 in Dodging
  6447 | D:5      | Reached XP level 7. HP: 50/55 MP: 8/8
  6520 | D:4      | Reached skill level 2 in Invocations
  6571 | D:5      | Reached skill level 2 in Armour
  6904 | D:5      | Found a radiant altar of Vehumet.
  6922 | D:5      | Reached skill level 5 in Fighting
  6922 | D:5      | Reached skill level 5 in Maces & Flails
  7311 | D:5      | Found the +6 arbalest "Damnation" {damnation}
  7321 | D:5      | Reached skill level 3 in Invocations
  7331 | D:5      | Learned a level 1 spell: Pain
  7363 | D:5      | Reached XP level 8. HP: 47/62 MP: 10/10
  7784 | D:6      | Noticed Blork the orc
  7804 | D:6      | Killed Blork the orc
  8598 | D:6      | Reached skill level 4 in Invocations
  9045 | D:7      | Reached skill level 3 in Armour
  9138 | D:7      | Reached skill level 4 in Dodging
  9243 | D:7      | Reached skill level 6 in Maces & Flails
  9265 | D:7      | Found a shadowy altar of Dithmenos.
  9265 | D:7      | Noticed Maggie
  9274 | D:7      | Killed Maggie
  9274 | D:7      | Reached **** piety under Lugonu
  9275 | D:7      | Reached XP level 9. HP: 59/69 MP: 12/12
  9681 | D:7      | Reached skill level 6 in Fighting
  9681 | D:7      | Reached skill level 5 in Invocations
  9775 | D:7      | Found a staircase to the Ecumenical Temple.
  9786 | Temple   | Entered the Ecumenical Temple
 10400 | D:7      | Found a blossoming altar of Fedhas.
 10554 | D:7      | Found a snail-covered altar of Cheibriados.
 10648 | D:8      | Found an ancient bone altar of Kikubaaqudgha.
 10751 | D:8      | Identified the +1 long sword "Death Rattle" {spect, rC+
                  | Str+3 Int+2 Dex+3}
 11459 | D:9      | Found a shimmering blue altar of Sif Muna.
 11776 | D:9      | Reached skill level 7 in Maces & Flails
 11776 | D:9      | Reached skill level 4 in Armour
 11776 | D:9      | Reached skill level 6 in Invocations
 11817 | D:9      | Found a flagged portal.
 11882 | Bailey   | Entered a bailey
 12489 | Bailey   | Identified the ring of Umyose {Fly rF- rN+ Dex+4}
 13084 | Bailey   | Reached XP level 10. HP: 58/77 MP: 14/14
 13395 | Bailey   | Reached skill level 5 in Dodging
 15263 | D:10     | Entered Level 10 of the Dungeon
 15423 | D:10     | Noticed a two-headed ogre
 15445 | D:10     | Killed a two-headed ogre
 15446 | D:10     | Reached skill level 7 in Fighting
 15446 | D:10     | Reached skill level 7 in Invocations
 15555 | D:10     | Found an ornate altar of the Wu Jian Council.
 15563 | D:10     | Found a stormy altar of Qazlal.
 15691 | D:10     | Found a staircase to the Orcish Mines.
 15932 | D:10     | Reached skill level 8 in Maces & Flails
 16081 | D:10     | Found a staircase to the Lair.
 16085 | D:10     | HP: 5/79 [something (7)]
 16088 | Lair:1   | Entered Level 1 of the Lair of Beasts
 16089 | Lair:1   | HP: 2/79 [hound (2)]
 16640 | Lair:1   | Noticed a cane toad
 16654 | Lair:1   | Killed a cane toad
 16655 | Lair:1   | Reached skill level 5 in Armour
 16770 | Lair:1   | Reached XP level 11. HP: 77/84 MP: 16/16
 17161 | Lair:1   | Reached skill level 8 in Invocations
 17636 | Lair:1   | Reached skill level 6 in Dodging
 18242 | Lair:1   | HP: 8/86 [wolf (6)]
 19391 | Orc:1    | Entered Level 1 of the Orcish Mines
 19499 | Orc:1    | Noticed an orc sorcerer
 19505 | Orc:1    | Found a frozen archway.
 19536 | Orc:1    | Reached skill level 8 in Fighting
 19751 | IceCv    | Entered an ice cave
 20130 | IceCv    | HP: 3/86 [ice devil (10)]
 20134 | IceCv    | Reached skill level 9 in Maces & Flails
 20956 | IceCv    | HP: 6/86 [ice statue] (5)]
 20957 | IceCv    | Killed from afar by an ice statue

Illustrated notes

Levels and vault maps discovered:
D:1:      dpeg_arrival_morbid_curiosity, layout_basic,
          dreamdust_ecumenical_altar_grove
D:2:      layout_loops_ring, serial_shops, nicolae_shop_window_shopping, shop,
          nicolae_shop_trees, basic_altar, minmay_door_square
D:3:      gammafunk_steamed_eel, layout_loops_ring
D:4:      layout_gridville, serial_shops, nicolae_shop_trees
D:5:      layout_rooms, nicolae_vehumet_radiance, minmay_hedge_maze,
          nicolae_underground_beach
D:6:      layout_basic, serial_corexii_hall, corexii_hall_statues_i,
          corexii_hall_statues_u, chequers_hall_statues_y, uniq_blork_the_orc
D:7:      layout_basic, slow_altar_2, nicolae_dithmenos_shadow_blocks,
          gammafunk_temple_overflow_elements, minmay_temple_entry_steel_oval,
          uniq_maggie
D:8:      layout_basic, kiku_gazebo_pond_becter
D:9:      layout_stronghold, nicolae_sif_muna_condensation, enter_bailey_3
D:10:     layout_roguey [special_room_orc], mainiacjoe_overflow_cross_hatched,
          kennysheep_mini_moat, erik_lair_island, orc_0_dummy, special_room
          [special_room_bee], trove_entry_hex_spiral
Temple:   nicolae_temple_figure_eight
Lair:1:   layout_big_grid, hibernation_bobbens, lemuel_fruit_tree,
          lemuel_fruit_fields
Orc:1:    layout_diamond_mine, portal_ice_cave_demonic_guard
IceCv:    ice_cave_tombish

Skill      XL: |  1  2  3  4  5  6  7  8  9 10 11 |
---------------+----------------------------------+-----
Dodging        | 1 2 3 4 5 6 |  6.2
Maces & Flails | 2 3 4 5 6 7 8 9 |  9.0
Fighting       | 4 5 6 7 8 |  8.0
Invocations    | 3 4 6 7 8 |  8.5
Armour         | 2 3 4 5 |  5.5
Spellcasting   | |  0.4

Action                   |  1- 3 |  4- 6 |  7- 9 | 10-12 || total
-------------------------+-------+-------+-------+-------++-------
Melee: Mace              |   116 |    66 |       |       ||   182
       Flail             |       |   201 |   469 |   714 ||  1384
Throw: Stone             |     3 |     4 |       |       ||     7
       Boomerang         |       |     5 |     3 |     4 ||    12
Invok: Banish            |       |       |     1 |     6 ||     7
Evoke: Tin of tremorston |       |       |       |     1 ||     1
       Wand              |       |       |       |     1 ||     1
  Use: Scroll            |       |    10 |     4 |     7 ||    21
 Stab: Sleeping          |       |     1 |       |       ||     1
Armor: Leather armour    |    39 |    74 |       |       ||   113
       Chain mail        |       |    22 |   348 |   757 ||  1127
       Scale mail        |       |     6 |       |       ||     6
Dodge: Dodged            |    70 |   162 |   221 |   410 ||   863

Table legend: (Time is in decaauts)
 A = Elapsed time spent in this place.
 B = Non-inter-level travel time spent in this place.
 C = Inter-level travel time spent in this place.
 D = Time resting spent in this place.
 E = Time spent auto-exploring this place.
 F = Levels seen in this place.
 G = Mean time per level.
                   A        B        C        D        E       F      G
               +--------+--------+--------+--------+--------+-----+--------+
         Total |  21089 |  20185 |    904 |   4613 |  10240 |  16 | 1318.1 |
       Dungeon |  14219 |  13394 |    825 |    682 |   9280 |  10 | 1421.9 |
        Temple |    216 |    206 |     10 |      0 |    205 |   1 |  216.0 |
          Lair |   3041 |   2972 |     69 |   1638 |    723 |   1 | 3041.0 |
  Orcish Mines |    357 |    357 |      0 |    256 |      0 |   1 |  357.0 |
         Abyss |     32 |     32 |      0 |      0 |      0 |   1 |   32.0 |
        Bailey |   2025 |   2025 |      0 |   1085 |     32 |   1 | 2025.0 |
      Ice Cave |   1196 |   1196 |      0 |    952 |      0 |   1 | 1196.0 |
               +--------+--------+--------+--------+--------+-----+--------+

Top non-repeatable levels by time:
  Lair:1: 3041 daAuts
  Bailey: 2025 daAuts
     D:9: 1888 daAuts
     D:3: 1886 daAuts
     D:5: 1646 daAuts
     D:1: 1605 daAuts
     D:4: 1595 daAuts
     D:7: 1405 daAuts
     D:2: 1224 daAuts
   IceCv: 1196 daAuts
     D:6: 1120 daAuts
    D:10: 1000 daAuts
     D:8: 848 daAuts
   Orc:1: 357 daAuts
  Temple: 216 daAuts

Table legend:
 A = Non-vault XP
 B = Vault XP
 C = Vault XP percentage of total XP
 D = Non-vault monster count
 E = Vault monster count
 F = Vault count percentage of total count
                 A         B        C        D         E       F
            +---------+---------+-------+---------+---------+-------
      Total |   11607 |    4923 |  29.8 |     192 |      67 |  25.9
            +---------+---------+-------+---------+---------+-------
        D:1 |      34 |       9 |  20.9 |      21 |       5 |  19.2
        D:2 |      62 |       0 |   0.0 |      19 |       0 |   0.0
        D:3 |     213 |       0 |   0.0 |      29 |       0 |   0.0
        D:4 |     411 |       0 |   0.0 |      20 |       0 |   0.0
        D:5 |     730 |       0 |   0.0 |      17 |       0 |   0.0
        D:6 |     670 |      91 |  12.0 |      13 |       1 |   7.1
        D:7 |     973 |     429 |  30.6 |      16 |       2 |  11.1
        D:8 |     379 |       0 |   0.0 |       7 |       0 |   0.0
        D:9 |    1714 |     303 |  15.0 |      19 |       5 |  20.8
       D:10 |    2047 |     489 |  19.3 |      10 |       7 |  41.2
     Lair:1 |    4374 |    1053 |  19.4 |      21 |       8 |  27.6
      Orc:1 |       0 |     681 | 100.0 |       0 |       2 | 100.0
     Bailey |       0 |    1211 | 100.0 |       0 |      30 | 100.0
      IceCv |       0 |     657 | 100.0 |       0 |       7 | 100.0
            +---------+---------+-------+---------+---------+-------
